 Dungeon Crawl Stone Soup version 0.32-a0-43-g058985b245 (webtiles) character file.

Game seed: 14279514204049954811

2345 whatisthis the Thaumaturge (level 9, 0/74 HPs)
             Began as an Oni Air Elementalist on Feb 5, 2024.
             Was a Believer of Sif Muna.
             Slain by a vampire mosquito (6 damage)
             ... on level 7 of the Dungeon.
             The game lasted 00:21:01 (8665 turns).

whatisthis the Thaumaturge (Oni Air Elementalist)   Turns: 8665, Time: 00:21:03

Health: 0/74       AC:  6    Str: 14    XL:     9   Next: 43%
Magic:  19/21      EV:  9    Int: 20    God:    Sif Muna [**....]
Gold:   387        SH:  0    Dex:  9    Spells: 14/24 levels left

rFire   . . .        z - staff of conjuration
rCold   . . .        (no shield)
rNeg    + . .        E - +0 steam dragon scales
rPois   .            (helmet restricted)
rElec   .            (no cloak)
rCorr   .            (gloves unavailable)
SInv    .            (boots unavailable)
Will    .....        w - amulet of magic regeneration
Stlth   +            y - ring of positive energy
HPRegen 0.32/turn    (no ring)
MPRegen 0.57/turn

%: no passive effects
@: swift, very quick
A: large, unfitting armour, horns 1, tough skin 1, double potion healing,
drunken brawling
a: Renounce Religion, Channel Magic


You were on level 7 of the Dungeon.
You worshipped Sif Muna.
Sif Muna was pleased with you.
You visited 1 branch of the dungeon, and saw 7 of its levels.

You collected 387 gold pieces.

Inventory:

Hand Weapons
 c - a +1 dagger of venom
 m - the +0 hand axe of the Lair of Beasts {heavy, rC+ Will- MP+9}
   (You found it on level 3 of the Dungeon)

   rC+:       It protects you from cold.
   Will-:     It decreases your willpower.
   MP+9:      It affects your magic capacity (+9).
Missiles
 v - 15 boomerangs
 D - 5 poisoned darts
Armour
 i - a +0 kite shield
 E - +0 steam dragon scales (worn)
Magical Staves
 z - a staff of conjuration (weapon)
Jewellery
 w - an amulet of magic regeneration (around neck)
 y - a ring of positive energy (left hand)
 C - a ring of see invisible
Wands
 g - a wand of charming (8)
 o - a wand of roots (7)
 A - a wand of flame (9)
Scrolls
 d - a scroll of poison
 e - 2 scrolls of silence
 f - 3 scrolls of revelation
 j - a scroll of immolation {unknown}
 k - a scroll of enchant weapon {unknown}
 p - 4 scrolls of noise
 s - a scroll of vulnerability {unknown}
 t - 3 scrolls of teleportation
 B - a scroll of fear {unknown}
Potions
 b - a potion of magic
 h - a potion of might {unknown}
 l - 3 potions of curing
 n - a potion of berserk rage {unknown}
 q - 3 potions of haste
 u - a potion of mutation {unknown}
 x - a potion of lignification {unknown}


   Skills:
 - Level 1.7 Dodging
 - Level 1.4 Stealth
 + Level 8.3 Spellcasting
 + Level 6.4 Conjurations
 + Level 7.0 Air Magic


You had 14 spell levels left.
You knew the following spells:

 Your Spells              Type           Power      Damage    Failure   Level
a - Shock                 Conj/Air       100%       1d9       1%          1
b - Static Discharge      Conj/Air       100%       3-8/arc   1%          2
c - Swiftness             Air            36%        N/A       1%          3
d - Airstrike             Air            18%        2d(3-19)  4%          4

Your spell library contained the following spells:

 Spells                   Type           Power      Damage    Failure   Level
 Hailstorm                Conj/Ice       31%        3d8       7%          3
 Freeze                   Ice            32%        1d5       9%          1
 Frozen Ramparts          Ice            16%        1d3       26%         3


Dungeon Overview and Level Annotations

Branches:
Dungeon (7/15)             Temple (0/1) D:5

Altars:
Hepliaklqana
Sif Muna
Vehumet
The Shining One

Shops:
D:1 *   D:4 *   D:7 [

Annotations:
D:3 Sigmund, Terence
D:7 Jeremiah


Innate Abilities, Weirdness & Mutations

You are too large for most types of armour.
You have a pair of small horns on your head.
You have tough skin. (AC +1)
You gain doubled healing and magic from potions.
Whenever you drink a healing potion, you attack all around you.


Message History

Aiming: Shock (safe; 1% risk of failure)
Press: ? - help, Q - select action, (/) - cycle Shift-Dir - straight line, f/p - vampire mosquito
Aim: a vampire mosquito (57% to hit)
You feel a surge of power!
The zap hits the vampire mosquito.
The vampire mosquito is lightly damaged.
The zap hits the vampire mosquito!
The vampire mosquito is moderately damaged.
The vampire mosquito bites you!
* * * LOW HITPOINT WARNING * * *
The vampire mosquito draws strength from your injuries!
The vampire mosquito bites you.
* * * LOW HITPOINT WARNING * * *
The vampire mosquito draws strength from your injuries!
Unknown command.
Casting: Shock (safe; 1% risk of failure)
Confirm with . or Enter, or press ? or * to list all spells.
You feel a surge of power!
The vampire mosquito is struck by an arc of lightning.
The vampire mosquito is moderately damaged.
You are struck by an arc of lightning.
* * * LOW HITPOINT WARNING * * *
The vampire mosquito is struck by an arc of lightning.
The vampire mosquito is heavily damaged.
The wight is struck by an arc of lightning!
The wight is severely damaged.
The lightning grounds out.
The vampire mosquito is struck by an arc of lightning!
The vampire mosquito is moderately damaged.
You are struck by an arc of lightning.
* * * LOW HITPOINT WARNING * * *
The vampire mosquito is struck by an arc of lightning!
The vampire mosquito is almost destroyed.
You are struck by an arc of lightning.
The vampire mosquito is struck by an arc of lightning.
The vampire mosquito is heavily damaged.
The lightning grounds out.
The vampire mosquito bites you.
* * * LOW HITPOINT WARNING * * *
The vampire mosquito draws strength from your injuries!
The vampire mosquito bites you.
You die...

##....# #.#.#.)...............
#....######.#.##......###.###...
##.....[......##.......##.......
#............##.....#..######..
##....#.#....>#......# ...# ##.
#...#.....#........∩.# #.# #.
#......#......##.....####.######
#..#.#[..#.#..#......#..........
##......_......#@y......###..####
.#..#.#.).#.#.z#y##.##### ##.#
.#......#[.....#z##.....####.##
##...#.....#......#####.......###
.......#.#.........# ######....)
###................# #.....
###..............# #.....
#########....^## #..... #.......#
#.....


You could see 2 vampire mosquitoes and a wight.

Vanquished Creatures
  Pikel (D:5)
  A steam dragon (D:7)
  A water moccasin (D:4)
  A sky beast (D:6)
  2 ogres
  A lemure (D:5)
  Blork the orc (D:5)
  A bullfrog (D:7)
  3 scorpions (D:6)
  2 wights (D:7)
  3 bombardier beetles
  A hound (D:6)
  A jelly (D:4)
  5 orc priests
  A gnoll bouda (D:4)
  Ijyb (D:3)
  2 iguanas (D:5)
  8 orc wizards
  A sleepcap (D:5)
  10 gnolls
  11 adders
  7 ufetubi
  A dart slug (D:4)
  4 ribbon worms
  28 orcs
  9 endoplasms
  3 giant cockroaches
  9 goblins
  8 hobgoblins
  10 jackals
  2 kobolds (D:1)
  2 quokkas
  9 ball pythons
  4 bats
  5 frilled lizards
  4 rats (D:1)
163 creatures vanquished.

Notes
Turn   | Place    | Note
-------+----------+-------------------------------------------
     0 | D:1      | whatisthis the Oni Air Elementalist began the quest for the
                  | Orb.
     0 | D:1      | Reached XP level 1. HP: 16/16 MP: 3/3
   100 | D:1      | Reached skill level 1 in Conjurations
   176 | D:1      | Reached XP level 2. HP: 24/24 MP: 3/5
   567 | D:1      | Reached skill level 3 in Spellcasting
   703 | D:1      | Reached XP level 3. HP: 31/31 MP: 2/7
   818 | D:1      | Found Eryahose's General Store.
  1593 | D:2      | Reached XP level 4. HP: 39/39 MP: 5/9
  2000 | D:2      | Learned a level 2 spell: Static Discharge
  2519 | D:3      | Noticed Terence
  2578 | D:3      | Identified the +0 hand axe of the Lair of Beasts {heavy,
                  | rC+ Will- MP+9}
  2701 | D:3      | Noticed Ijyb
  2737 | D:3      | Killed Ijyb
  2738 | D:3      | Reached XP level 5. HP: 15/45 MP: 10/10
  2864 | D:3      | You fall into a shaft and drop 3 floors!
  2864 | D:6      | Found a shimmering blue altar of Sif Muna.
  2876 | D:6      | Became a worshipper of Sif Muna the Loreminder
  2889 | D:6      | Reached skill level 4 in Spellcasting
  3052 | D:6      | Reached XP level 6. HP: 44/53 MP: 12/12
  3205 | D:6      | Identified the +1 chain mail of Zuqul {MP+9 Dex+2}
  3422 | D:5      | Entered Level 5 of the Dungeon
  3663 | D:5      | Reached skill level 5 in Spellcasting
  3823 | D:4      | Reached XP level 7. HP: 58/59 MP: 14/14
  3901 | D:4      | Found a transporter.
  3901 | D:4      | Found Latuz's General Store.
  4534 | D:3      | Reached * piety under Sif Muna
  4955 | D:3      | Reached skill level 5 in Air Magic
  4955 | D:3      | Noticed Sigmund
  5083 | D:3      | Learned a level 3 spell: Swiftness
  5400 | D:4      | Reached skill level 6 in Spellcasting
  5549 | D:4      | Found a transporter.
  5766 | D:5      | Found a hazy altar of Hepliaklqana.
  5832 | D:5      | Reached XP level 8. HP: 65/67 MP: 17/17
  5903 | D:5      | Found a staircase to the Ecumenical Temple.
  5940 | D:5      | Reached ** piety under Sif Muna
  6258 | D:5      | Noticed Pikel
  6280 | D:5      | Killed Pikel
  6281 | D:5      | Reached skill level 7 in Spellcasting
  6281 | D:5      | Reached skill level 5 in Conjurations
  6416 | D:5      | Noticed Blork the orc
  6427 | D:5      | Killed Blork the orc
  6867 | D:5      | Reached XP level 9. HP: 74/74 MP: 17/20
  7747 | D:6      | Found a glowing golden altar of the Shining One.
  8041 | D:7      | Noticed Jeremiah
  8106 | D:7      | Reached skill level 8 in Spellcasting
  8206 | D:7      | Found Nocasm's Armour Emporium.
  8296 | D:7      | Found a radiant altar of Vehumet.
  8625 | D:7      | Learned a level 4 spell: Airstrike
  8665 | D:7      | Slain by a vampire mosquito

Illustrated notes

Levels and vault maps discovered:
D:1:      lightli_arrival_statue_moat, layout_loops_cross, serial_shops, shop,
          minmay_distorted
D:2:      layout_basic, kennysheep_minor_cross
D:3:      layout_loops_corners, minmay_cupped, uniq_ijyb, uniq_sigmund,
          uniq_terence
D:4:      layout_loops_ring, serial_shops, nicolae_shop_drivethru
D:5:      kennysheep_spiral_hall, layout_basic,
          nicolae_hepliaklqana_hazy_memory, nicolae_overflow_hidden_temple,
          minmay_temple_entry_overgrown, uniq_blork_the_orc, uniq_pikel
D:6:      layout_basic, lemuel_round_altar, tso_metal_star
D:7:      layout_rooms, nzn_wu_jian_contemplation, nicolae_vehumet_radiance,
          serial_shops, shop, serial_corexii_hall, corexii_hall_statues_i,
          corexii_hall_statues_l, chequers_hall_statues_y, chequers_jeans,
          nicolae_the_louvre, uniq_jeremiah

Skill      XL: |  1  2  3  4  5  6  7  8  9 |
---------------+----------------------------+-----
Conjurations   | 1 2 3 4 5 6 |  6.4
Air Magic      | 3 4 5 6 7 |  7.0
Spellcasting   | 3 4 5 6 7 8 |  8.3
Dodging        | |  1.7
Stealth        | |  1.4

Action                     |  1- 3 |  4- 6 |  7- 9 || total
---------------------------+-------+-------+-------++-------
  Melee: Unarmed           |     8 |     5 |       ||    13
         Headbutt          |     1 |       |     1 ||     2
         Punch             |     1 |       |       ||     1
         Hand axe          |       |     4 |       ||     4
         Staff             |       |       |     4 ||     4
   Cast: Shock             |    71 |    64 |   196 ||   331
         Static Discharge  |       |    25 |    64 ||    89
         Swiftness         |       |       |     4 ||     4
  Evoke: Wand              |       |       |     8 ||     8
    Use: Potion            |       |     1 |       ||     1
         Scroll            |       |       |     8 ||     8
 Armour: Robe              |    12 |    89 |   141 ||   242
         Steam dragon scal |       |       |    17 ||    17
  Dodge: Dodged            |    13 |    38 |    40 ||    91

Table legend: (Time is in decaauts)
 A = Elapsed time spent in this place.
 B = Non-inter-level travel time spent in this place.
 C = Inter-level travel time spent in this place.
 D = Time resting spent in this place.
 E = Time spent auto-exploring this place.
 F = Levels seen in this place.
 G = Mean time per level.
                   A        B        C        D        E       F      G
               +--------+--------+--------+--------+--------+-----+--------+
         Total |   8662 |   8234 |    428 |   1933 |   4422 |   7 | 1237.4 |
       Dungeon |   8662 |   8234 |    428 |   1933 |   4422 |   7 | 1237.4 |
               +--------+--------+--------+--------+--------+-----+--------+

Top non-repeatable levels by time:
     D:4: 1588 daAuts
     D:5: 1397 daAuts
     D:2: 1331 daAuts
     D:6: 1320 daAuts
     D:3: 1284 daAuts
     D:1: 1112 daAuts
     D:7: 629 daAuts
